 Seeded DCSS version 0.29.1-15-g9cfb28693d (webtiles) character file.

Game seed: 13153279757065922515 (custom seed)

3595 Psyclone the Thaumaturge (level 9, 0/51 HPs)
             Began as a Deep Elf Conjurer on Sept 22, 2023.
             Was an Initiate of Ashenzari.
             Killed from afar by an orc wizard (7 damage)
             ... with a magic dart
             ... on level 8 of the Dungeon.
             The game lasted 00:28:36 (9218 turns).

Psyclone the Thaumaturge (Deep Elf Conjurer)        Turns: 9218, Time: 00:28:37

Health: 0/51       AC:  4    Str:  4    XL:     9   Next: 85%
Magic:  12/27      EV: 17    Int: 28    God:    Ashenzari [......]
Gold:   402        SH:  0    Dex: 13    Spells: 22/32 levels left

rFire   . . .      SeeInvis .   a - staff of conjuration
rCold   . . .      Faith    .   (no shield)
rNeg    . . .      Spirit   .   t - +0 robe
rPois   .          Reflect  .   D - +0 helmet
rElec   .          Harm     .   H - +0 cloak
rCorr   +          Rampage  .   (no gloves)
Will    .....                   (no boots)
Stlth   ++........              (no amulet)
HPRegen 0.17/turn               w - ring of resist corrosion
MPRegen 0.20/turn               B - +4 ring of evasion

@: no status effects
A: no striking features
a: Renounce Religion, Curse Item


You were on level 8 of the Dungeon.
You worshipped Ashenzari.
Ashenzari was noncommittal.
You visited 2 branches of the dungeon, and saw 9 of its levels.

You collected 402 gold pieces.

Inventory:

Hand Weapons
 d - a +0 dagger
Missiles
 k - a throwing net {!f}
Armour
 t - a +0 robe (worn)
 D - a +0 helmet (worn)
 H - a +0 cloak (worn)
Magical Staves
 a - a staff of conjuration (weapon)
 j - a staff of poison
Jewellery
 w - a ring of resist corrosion (left hand)
 B - a +4 ring of evasion (right hand)
 G - a +6 ring of strength
Wands
 r - a wand of flame (7)
 y - a wand of iceblast (13)
 z - a wand of digging (7)
 A - a wand of light (14)
Scrolls
 e - 9 scrolls of identify {unknown}
 f - a scroll of vulnerability {unknown}
 i - 2 scrolls of amnesia {unknown}
 l - 2 scrolls of butterflies {unknown}
 m - a scroll of magic mapping {unknown}
 n - 2 scrolls of enchant armour {unknown}
 o - a scroll of immolation {unknown}
 p - 6 scrolls of teleportation {unknown}
 v - a scroll of torment {unknown}
 C - a scroll of blinking {unknown}
 F - a scroll of fear {unknown}
Potions
 b - 2 potions of magic
 c - 3 potions of invisibility {unknown}
 g - 2 potions of mutation {unknown}
 h - 3 potions of haste {unknown}
 q - a potion of brilliance {unknown}
 s - 2 potions of curing {unknown}
 u - a potion of lignification {unknown}
 x - a potion of heal wounds {unknown}
 E - a potion of degeneration {unknown}
 I - a potion of flight {unknown}
 J - a potion of cancellation {unknown}


   Skills:
 * Level 3.4 Fighting
 + Level 4.4 Dodging
 - Level 2.4 Stealth
 - Level 12.3 Spellcasting
 - Level 11.0 Conjurations


You had 22 spell levels left.
You knew the following spells:

 Your Spells              Type           Power      Damage    Failure   Level
a - Magic Dart            Conj           100%       1d8       1%          1
b - Searing Ray           Conj           100%       2d8       1%          2
c - Mephitic Cloud        Conj/Pois/Air  54%        N/A       1%          3
d - Fulminant Prism       Conj/Hex       32%        3d16      3%          4

Your spell library contained the following spells:

 Spells                   Type           Power      Damage    Failure   Level
 Dazzling Flash           Conj/Hex       100%       N/A       1%          3
 Apportation              Tloc           34%        N/A       3%          1
 Necrotise                Necr           68%        1d7       3%          1
 Summon Small Mammal      Summ           68%        N/A       3%          1
 Iskenderun's Mystic Bla  Conj/Tloc      64%        2d13      3%          4
 Call Imp                 Summ           17%        N/A       4%          2
 Ensorcelled Hibernation  Hex/Ice        34%        N/A       4%          2
 Passwall                 Tmut/Erth      14%        N/A       4%          2
 Call Canine Familiar     Summ           17%        N/A       10%         3
 Summon Guardian Golem    Hex/Summ       17%        N/A       10%         3
 Swiftness                Air            17%        N/A       10%         3


Dungeon Overview and Level Annotations

Branches:
Dungeon (8/15) Zot: 26711  Temple (1/1) D:4 Zot: 5960
   Lair: D:8-11

Altars:
Ashenzari
Cheibriados
Dithmenos
Elyvilon
Fedhas
Hepliaklqana
Kikubaaqudgha
Makhleb
Nemelex Xobeh
Okawaru
Qazlal
Ru
Sif Muna
Vehumet
Xom
Zin

Shops:
D:2 (   D:5 =

Annotations:
D:5 2 transporters, Jingleheimer's ghost, amateur TrFi
D:7 exclusion: downstairs


Message History

You feel a surge of power!
You conjure a prism of explosive energy!
A fulminant prism comes into view.
You now have 15/27 mp.
An orc wizard comes into view. It is wielding a +0 dagger.
Your fulminant prism crackles loudly.
The orc wizard gestures wildly while chanting.
The orc wizard flickers and vanishes!
Deactivating autopickup; reactivate with Ctrl-A.
Your fulminant prism explodes!
The blast of energy engulfs the orc!
You kill the orc!
The blast of energy engulfs the wyvern!!
You kill the wyvern!
The blast of energy engulfs the orc priest!
The orc priest is almost dead.
You hear a shout! x2
Casting: Fulminant Prism (dangerous; 3% risk of failure)
Confirm with . or Enter, or press ? or * to list all spells.
Aiming: Fulminant Prism (dangerous; 3% risk of failure)
Press: ? - help, Dir - move target You feel a surge of power!
You conjure a prism of explosive energy!
A fulminant prism comes into view.
The orc priest mumbles some strange prayers to Beogh against you.
Beogh smites you!
* * * LOW HITPOINT WARNING * * *
You take 13 damage, and have 14/51 hp.
MASSIVE DAMAGE!!
You now have 11/27 mp.
The orc priest invokes the aid of Beogh against you.
Beogh smites you!
* * * LOW HITPOINT WARNING * * *
Your fulminant prism crackles loudly.
You take 7 damage, and have 7/51 hp.
Your fulminant prism explodes!
The blast of energy engulfs something!
The blast of energy engulfs the orc priest!!
You kill the orc priest!
A magic dart appears from out of thin air!
The magic dart hits you!
You die...

#...... #..... #..... ..
..... ... ### #... ... #..
######.###.### ## #...
#..@.......... ..
#...##.##...).....# .###
#.........#.......##.#.
#...††#####.......#... #
#.....†..............#.#
.?..)..).....###.........#
.##{.........# #.#..<#..#
..)##.......# #.#.....#..
.............# #...#......


There were no monsters in sight!

Vanquished Creatures
  A yak (D:7)
  2 wyverns
  A basilisk (D:8)
  A water moccasin (D:4)
  2 orc warriors
  2 ice beasts
  A sky beast (D:7)
  An ogre (D:5)
  2 black bears
  4 phantoms
  4 bullfrogs
  3 scorpions
  2 necrophages (D:4)
  8 wights (D:7)
  5 howler monkeys
  3 hounds
  4 orc priests
  2 jellies
  Crazy Yiuf (D:6)
  3 iguanas
  5 orc wizards
  5 gnolls
  9 adders
  A white imp (D:6)
  An ufetubus (D:5)
  A worm (D:2)
  2 dart slugs
  21 orcs
  8 endoplasms
  7 giant cockroaches
  13 goblins
  9 hobgoblins
  9 jackals
  2 kobolds (D:1)
  2 quokkas (D:2)
  6 ball pythons
  7 bats
  4 frilled lizards
  11 rats
175 creatures vanquished.

Vanquished Creatures (others)
  17 fulminant prisms
17 creatures vanquished.

Grand Total: 192 creatures vanquished

Notes
Turn   | Place    | Note
-------+----------+-------------------------------------------
     0 | D:1      | Psyclone the Deep Elf Conjurer began the quest for the Orb.
     0 | D:1      | Reached XP level 1. HP: 10/10 MP: 6/6
   139 | D:1      | Found a faded altar of an unknown god.
   150 | D:1      | Reached XP level 2. HP: 15/15 MP: 1/8
   254 | D:1      | Learned a level 2 spell: Searing Ray
   466 | D:1      | Reached skill level 4 in Spellcasting
   469 | D:1      | Reached skill level 5 in Conjurations
   469 | D:1      | Reached XP level 3. HP: 19/19 MP: 1/10
  1212 | D:2      | Found Aliloud's Weapon Emporium.
  1238 | D:2      | Found a stormy altar of Qazlal.
  1548 | D:2      | Reached XP level 4. HP: 19/24 MP: 7/12
  2013 | D:2      | Reached skill level 5 in Spellcasting
  2680 | D:3      | Found a shadowy altar of Dithmenos.
  2980 | D:3      | Reached XP level 5. HP: 28/28 MP: 12/14
  3622 | D:4      | Reached skill level 6 in Spellcasting
  3766 | D:4      | Reached XP level 6. HP: 29/32 MP: 9/17
  4004 | D:4      | Found a staircase to the Ecumenical Temple.
  4004 | D:4      | Noticed a water moccasin
  4010 | D:4      | Killed a water moccasin
  4011 | D:4      | Reached skill level 7 in Spellcasting
  4254 | Temple   | Entered the Ecumenical Temple
  4813 | D:5      | Entered Level 5 of the Dungeon
  4813 | D:5      | Found Gosaorgh's Jewellery Emporium.
  4845 | D:5      | Found a radiant altar of Vehumet.
  5063 | D:5      | Reached XP level 7. HP: 36/36 MP: 15/20
  5168 | D:5      | Reached skill level 8 in Spellcasting
  5214 | D:5      | Reached skill level 9 in Spellcasting
  5487 | D:5      | Noticed Jingleheimer's ghost (amateur TrFi)
  5505 | D:5      | Found a transporter.
  5509 | D:5      | Found a transporter.
  5623 | D:5      | Reached XP level 8. HP: 41/41 MP: 17/23
  5967 | D:5      | Found a broken altar of Ashenzari.
  5978 | D:5      | Became a worshipper of Ashenzari the Shackled
  6256 | D:6      | Found an iron altar of Okawaru.
  6380 | D:6      | Reached skill level 10 in Spellcasting
  6732 | D:6      | Learned a level 4 spell: Fulminant Prism
  6736 | D:6      | Learned a level 3 spell: Mephitic Cloud
  6977 | D:6      | You fall into a shaft and drop 1 floor!
  7327 | D:6      | Found a runed translucent door.
  7328 | D:6      | Noticed Crazy Yiuf
  7338 | D:6      | Killed Crazy Yiuf
  7633 | D:6      | Found a shimmering blue altar of Sif Muna.
  7727 | D:7      | Reached skill level 11 in Spellcasting
  7727 | D:7      | Reached skill level 10 in Conjurations
  7799 | D:7      | Found a burning altar of Makhleb.
  7799 | D:7      | Found a blossoming altar of Fedhas.
  7975 | D:7      | Reached XP level 9. HP: 45/45 MP: 18/26
  8470 | D:7      | Reached skill level 12 in Spellcasting
  8946 | D:8      | Reached skill level 1 in Fighting
  9218 | D:8      | Killed from afar by an orc wizard

Illustrated notes

Levels and vault maps discovered:
D:1:      amcnicky_arrival_gap_in_the_tavern_cellar, layout_loops_ring,
          hellmonk_ecumenical_altar_crossroads
D:2:      minmay_thinvault, layout_loops_ring, serial_shops,
          nicolae_shop_bloodbath_and_beyond, basic_altar, minivault_14,
          minivault_23
D:3:      layout_basic, nicolae_dithmenos_the_darkroom
D:4:      layout_loops_ring, temple_green, corner_web_ring, corexii_checkpoint_a
D:5:      layout_basic, mainiacjoe_overflow_surrounded_room,
          nicolae_vehumet_altar_sigil, gammafunk_ghost_hive, serial_shops, shop
D:6:      layout_cave_pools, lemuel_coloured_pillars_altar, marbit_many_paths,
          uniq_crazy_yiuf_cottage
D:7:      layout_basic, mainiacjoe_overflow_small_starburst, bloody_makhleb,
          minmay_misc_feat_hallway
D:8:      layout_rooms, nicolae_qazlal_style_of_elements,
          nicolae_yredelemnul_corpse_copse, david_lair_generic
Temple:   hellmonk_temple_two_chambers

Skill      XL: |  1  2  3  4  5  6  7  8  9 |
---------------+----------------------------+-----
Spellcasting   | 4 5 6 7 9 11 12 | 12.3
Conjurations   | 5 6 7 8 10 11 | 11.0
Fighting       | 3 |  3.4
Dodging        | 4 |  4.4
Stealth        | |  2.4

Action                   |  1- 3 |  4- 6 |  7- 9 || total
-------------------------+-------+-------+-------++-------
Melee: Dagger            |     9 |       |       ||     9
       Staff             |       |     1 |       ||     1
 Cast: Magic Dart        |    55 |    73 |    74 ||   202
       Searing Ray       |     5 |    22 |    58 ||    85
       Fulminant Prism   |       |       |    17 ||    17
 Stab: Sleeping          |     2 |       |       ||     2
       Distracted        |     1 |       |       ||     1
Armor: Robe              |     1 |    10 |    10 ||    21
Dodge: Dodged            |     9 |    10 |    34 ||    53
